 Dungeon Crawl Stone Soup version 0.30.1-3-gfc49f6343a (webtiles) character file.

Game seed: 15051534443557293503

51 CaptainMV the Shooter (level 3, 0/26 HPs)
             Began as a Demonspawn Wanderer on Aug 7, 2023.
             Slain by a rat (2 damage)
             ... on level 3 of the Dungeon.
             The game lasted 00:12:58 (975 turns).

CaptainMV the Shooter (Demonspawn Wanderer)          Turns: 975, Time: 00:12:58

Health: 0/26       AC:  4    Str:  9    XL:     3   Next: 58%
Magic:  13/13      EV: 11    Int: 14    God:
Gold:   127        SH:  0    Dex: 18    Spells: 1/4 levels left

rFire   . . .        b - +0 dagger
rCold   . . .        (no shield)
rNeg    . . .        e - +0 robe
rPois   .            (no helmet)
rElec   .            (no cloak)
rCorr   .            n - +0 pair of gloves
SInv    .            f - +0 pair of boots
Will    .....        (no amulet)
Stlth   +++          h - ring of magical power
HPRegen 0.24/turn    (no ring)
MPRegen 0.13/turn

%: no passive effects
@: no status effects
A: thin skeletal structure 1
a: no special abilities


You were on level 3 of the Dungeon.
You visited 1 branch of the dungeon, and saw 3 of its levels.

You collected 127 gold pieces.

Inventory:

Hand Weapons
 a - a +0 sling
 b - a +0 dagger (weapon)
Missiles
 c - 13 poisoned darts (quivered)
Armour
 e - a +0 robe (worn)
 f - a +0 pair of boots (worn)
 n - a +0 pair of gloves (worn)
Jewellery
 h - a ring of magical power (left hand)
Potions
 d - 2 potions of attraction
 g - a potion of brilliance
 j - a potion of ambrosia
 m - a potion of mutation {unknown}
 o - a potion of resistance {unknown}


   Skills:
 + Level 1.3 Fighting
 + Level 3.5 Ranged Weapons
 + Level 1.0 Throwing
 + Level 1.9 Stealth
 + Level 1.0 Spellcasting
 + Level 2.4 Translocations


You had one spell level left.
You knew the following spells:

 Your Spells              Type           Power      Damage    Failure   Level
a - Apportation           Tloc           14%        N/A       10%         1
b - Blink                 Tloc           14%        N/A       14%         2

Your spell library contained the following spells:

 Spells                   Type           Power      Damage    Failure   Level
 Lesser Beckoning         Tloc           14%        N/A       14%         2
 Gell's Gravitas          Tloc           7%         N/A       28%         3
 Teleport Other           Tloc           7%         N/A       28%         3
 Dazzling Flash           Conj/Hex       0%         N/A       61%         3
 Ozocubu's Armour         Ice            0%         N/A       61%         3
 Iskenderun's Mystic Bla  Conj/Tloc      4%         2d3       85%         4
 Agony                    Necr           0%         N/A       100%        5
 Silence                  Hex/Air        0%         N/A       100%        5
 Ozocubu's Refrigeration  Ice            0%         4d7       100%        7


Dungeon Overview and Level Annotations

Branches:
Dungeon (3/15)

Altars:
Qazlal

Shops:
D:2 (


Innate Abilities, Weirdness & Mutations

You have a somewhat thin skeletal structure. (Dex +2, Stealth+)


Message History

You barely miss the jackal.
The jackal is moderately wounded.
The jackal barely misses you. The rat bites you.
* * * LOW HITPOINT WARNING * * *
The kobold barely misses you. The jackal closely misses you. x2
You hit the jackal.
The jackal is heavily wounded.
The rat misses you. The jackal completely misses you.
The kobold barely misses you. The jackal bites you.
* * * LOW HITPOINT WARNING * * *
You can't go down here!
The jackal bites you but does no damage.
The jackal closely misses you. The rat barely misses you.
The kobold hits you but does no damage. The jackal bites you.
* * * LOW HITPOINT WARNING * * *
The jackal closely misses you.
You climb upwards.
There is a stone staircase leading down here.
The kobold hits you with a +0 whip.
* * * LOW HITPOINT WARNING * * *
The rat bites you.
* * * LOW HITPOINT WARNING * * *
The jackal barely misses you. x2
You climb downwards.
There is a stone staircase leading up, spattered with blood here.
You hit the jackal but do no damage.
The jackal is heavily wounded.
The jackal closely misses you. The kobold closely misses you.
The rat barely misses you. The jackal barely misses you.
The jackal closely misses you.
You hit the jackal.
You kill the jackal!
The jackal closely misses you. The rat closely misses you.
The kobold hits you but does no damage. The jackal closely misses you.
The rat twitches its whiskers.
You hit the jackal.
The jackal is lightly wounded.
The jackal bites you but does no damage.
The rat bites you.
You die...

#####
##...##
##⌠.<.⌠##
#.K@....#
#.hr⌠...+
#.......#
##⌠.>.⌠##
##...##
#####


You could see a jackal, a kobold and a rat.

Vanquished Creatures
  An adder (D:2)
  3 dart slugs (D:1)
  4 bats (D:1)
  2 endoplasms
  A giant cockroach (D:1)
  4 goblins
  5 hobgoblins
  2 jackals (D:3)
  A quokka (D:1)
  3 ball pythons (D:2)
  5 frilled lizards
  A kobold (D:2)
  3 rats
35 creatures vanquished.

Notes
Turn   | Place    | Note
-------+----------+-------------------------------------------
     0 | D:1      | CaptainMV the Demonspawn Wanderer began the quest for the
                  | Orb.
     0 | D:1      | CaptainMV set off with the following items: a +0 sling, 13
                  | poisoned darts, a +0 dagger, a potion of attraction, a +0
                  | robe; and the following spell memorised: Apportation; and
                  | the following spells available to memorise: Blink,
                  | Iskenderun's Mystic Blast.
     0 | D:1      | Reached XP level 1. HP: 15/15 MP: 2/2
    89 | D:1      | Gained mutation: You have a somewhat thin skeletal
                  | structure. (Dex +2, Stealth+) [demonic ancestry]
    89 | D:1      | Reached XP level 2. HP: 20/21 MP: 3/3
   114 | D:1      | Learned a level 2 spell: Blink
   173 | D:1      | Reached skill level 3 in Ranged Weapons
   370 | D:1      | Found a faded altar of an unknown god.
   417 | D:2      | Found a stormy altar of Qazlal.
   451 | D:2      | Reached XP level 3. HP: 26/26 MP: 4/4
   509 | D:2      | Found Karedeme's Antique Weapon Shop.
   970 | D:2      | HP: 1/26 [rat (1)]
   975 | D:3      | Slain by a rat

Illustrated notes

Levels and vault maps discovered:
D:1:      minmay_arrival_stair_chambers, layout_rooms,
          ebering_ecumenical_altar_webs, minmay_quantized
D:2:      layout_basic, serial_shops, nicolae_shop_behind_doors, basic_altar,
          minmay_cut_off
D:3:      layout_loops_ring, grunt_ministairs_7

Skill      XL: |  1  2 |
---------------+-------+-----
Translocations | 2 |  2.4
Ranged Weapons | 3 |  3.5
Fighting       | |  1.3
Throwing       | |  1.0
Stealth        | |  1.9
Spellcasting   | |  1.0

Action                     || total
---------------------------++-------
  Melee: Dagger            ||    13
         Punch             ||     1
   Fire: Sling             ||    64
   Cast: Apportation       ||     6
    Use: Scroll            ||     7
   Stab: Sleeping          ||     1
 Armour: Robe              ||    16
  Dodge: Dodged            ||    45
